 Dungeon Crawl Stone Soup version 0.23.0-3-gf3c87f2 (webtiles) character file.

Game seed: 11317059398473949904

95 Borgoz the Sneak (level 4, -7/33 HPs)
             Began as a Ghoul Enchanter on Feb 24, 2019.
             Mangled by a gnoll
             ... wielding a +2 spear of freezing
              (11 damage)
             ... on level 2 of the Dungeon.
             The game lasted 00:03:55 (1250 turns).

Borgoz the Sneak (Ghoul Enchanter)                  Turns: 1250, Time: 00:03:56

Health: -7/33      AC:  2    Str: 15 (16) XL:     4   Next: 65%
Magic:  6/6        EV: 12    Int: 11 (15) God:
Gold:   92         SH:  0    Dex:  7 (10) Spells: 4/7 levels left

rFire    . . .     SeeInvis .   k - +2 dagger (venom)
rCold    + . .     Gourm    .   (no shield)
rNeg     + + +     Faith    .   b - +0 robe
rPois    ∞         Spirit   .   (no helmet)
rElec    .         Reflect  .   (no cloak)
rCorr    .         Harm     .   (no gloves)
MR       .....                  (no boots)
Stlth    ++........             (no amulet)
HPRegen  0.00/turn              (no ring)
MPRegen  0.10/turn              (no ring)

@: mighty, brilliant, rotting
A: rotting body, claws 1, carnivore, cold resistance 1, negative energy
resistance 3, inhibited regeneration, torment resistance, unbreathing
a: no special abilities


You were on level 2 of the Dungeon.
You were not hungry.

You visited 1 branch of the dungeon, and saw 2 of its levels.

You collected 92 gold pieces.

Inventory:

Hand Weapons
 k - a +2 dagger of venom (weapon)
Missiles
 m - 2 throwing nets (quivered)
Armour
 b - a +0 robe (worn)
Jewellery
 i - an uncursed ring of ice
Scrolls
 a - a scroll of blinking {unknown}
 l - a scroll of enchant weapon {unknown}
Potions
 j - a potion of might
Comestibles
 d - 4 rations


   Skills:
 + Level 2.1 Short Blades
 + Level 2.5 Dodging
 + Level 4.3 Stealth
 + Level 2.0 Spellcasting
 + Level 2.5 Hexes


You had 4 spell levels left.
You knew the following spells:

 Your Spells              Type           Power        Failure   Level  Hunger
a - Confuse               Hex            ##......     3%          3    ####...

Your spell library contained the following spells:

 Spells                   Type           Power        Failure   Level  Hunger
 Corona                   Hex            ##.....      1%          1    ##.....
 Ensorcelled Hibernation  Hex/Ice        ##....       3%          2    ###....
 Tukima's Dance           Hex            ##......     3%          3    ####...
 Dazzling Spray           Conj/Hex       ##....       6%          3    ####...


Dungeon Overview and Level Annotations

Branches:
Dungeon (2/15)

Altars:
Ashenzari
Vehumet
Xom


Innate Abilities, Weirdness & Mutations

Your body is rotting away.
You thrive on raw meat.
You are immune to poison.
You have sharp fingernails.
You are carnivorous and can eat meat at any time.
Your flesh is cold resistant. (rC+)
You are immune to negative energy. (rN+++)
You do not regenerate when monsters are visible.
You are immune to unholy pain and torment.
You can survive without breathing.


Message History

The gnoll barely misses you.
You barely miss the gnoll.
The gnoll is moderately wounded.
The gnoll barely misses you.
You barely miss the gnoll.
The gnoll is moderately wounded.
The gnoll barely misses you.
It was a potion of mutation.
You feel extremely strange.
Your body decomposes!
You feel dopey.
Your body decomposes!
You feel dopey.
Your body decomposes!
You feel clumsy.
Your body decomposes!
You feel dopey. The gnoll misses you.
Okay, then.
The gnoll hits you from afar with a +2 spear of freezing!
You die...

#.....# .#
#####.#####.##
#.#......#
#.#.##...####
#............
#########......#
#..............######.
#)#######.##..........
#.###.#######.@.######
#.....#.....g.........
#####.##÷######.#####.
#...........#
###.#########
#g#####.# #.†.)...#
###...#.# #.#.#


You could see a gnoll.

Vanquished Creatures
  3 gnolls (D:2)
  3 adders (D:2)
  3 dart slugs (D:1)
  A leopard gecko (D:2)
  2 ball pythons (D:1)
  6 bats
  A giant cockroach (D:1)
  4 hobgoblins
  3 frilled lizards (D:1)
  4 goblins (D:1)
  3 kobolds
  4 rats (D:1)
37 creatures vanquished.

Notes
Turn   | Place    | Note
-------+----------+-------------------------------------------
     0 | D:1      | Borgoz the Ghoul Enchanter began the quest for the Orb.
     0 | D:1      | Reached XP level 1. HP: 14/14 MP: 2/2
    55 | D:1      | Reached skill level 1 in Short Blades
   324 | D:1      | Reached XP level 2. HP: 20/20 MP: 3/3
   561 | D:1      | Reached XP level 3. HP: 25/25 MP: 5/5
   717 | D:1      | Learned a level 3 spell: Confuse
  1104 | D:2      | Found a radiant altar of Vehumet.
  1105 | D:2      | Found a shimmering altar of Xom.
  1106 | D:2      | Found a shattered altar of Ashenzari.
  1174 | D:2      | Reached skill level 4 in Stealth
  1191 | D:2      | Reached XP level 4. HP: 21/33 MP: 6/6
  1250 | D:2      | Mangled by a gnoll

Skill      XL: |  1  2  3  4 |
---------------+-------------+-----
Short Blades   | 1 2 |  2.1
Dodging        | 2 |  2.5
Spellcasting   | 2 |  2.0
Stealth        | 4 |  4.3
Hexes          | |  2.5

Action                   |  1- 3 |  4- 6 || total
-------------------------+-------+-------++-------
Melee: Dagger            |    96 |    13 ||   109
 Cast: Corona            |     1 |       ||     1
  Use: Scroll            |     2 |       ||     2
       Potion            |       |     5 ||     5
 Stab: Sleeping          |     5 |     1 ||     6
       Distracted        |     1 |       ||     1
  Eat: Chunk             |     5 |     3 ||     8
Armor: Robe              |    15 |     2 ||    17
Dodge: Dodged            |    67 |    13 ||    80
